 Dungeon Crawl Stone Soup version 0.31-a0-960-g0fca184906 (webtiles) character file.

Game seed: 18283281911288304299

315 gelatine the Stinger (level 6, -1/31 (43) HPs)
             Began as a Demonspawn Venom Mage on Oct 23, 2023.
             Slain by a wight
             ... wielding a +4 dagger
              (3 damage)
             ... on level 4 of the Dungeon.
             The game lasted 00:11:53 (3538 turns).

gelatine the Stinger (Demonspawn Venom Mage)        Turns: 3538, Time: 00:11:54

HP:   -1/31 (43)    AC:  5    Str:  8    XL:     6   Next: 20%
MP:   10/10         EV: 17    Int: 18    God:
Gold: 230           SH:  4    Dex: 14    Spells: 4/10 levels left

rFire   . . .        c - staff of conjuration
rCold   . . .        (no shield)
rNeg    . . .        f - +1 troll leather armour
rPois   .            (no helmet)
rElec   .            (no cloak)
rCorr   .            (no gloves)
SInv    .            u - +0 pair of boots
Will    .....        r - amulet of regeneration
Stlth   ++           k - +5 ring of evasion
HPRegen 1.85/turn    (no ring)
MPRegen 0.24/turn

%: no passive effects
@: very heavily drained
A: large bone plates 1, demonic guardian 1, magic regeneration
a: no special abilities


You were on level 4 of the Dungeon.
You visited 1 branch of the dungeon, and saw 4 of its levels.

You collected 230 gold pieces.

Inventory:

Hand Weapons
 j - a +2 dagger of venom
Missiles
 w - 3 javelins
Armour
 a - a +0 robe
 f - a +1 troll leather armour (worn)
 u - a +0 pair of boots (worn)
Magical Staves
 c - a staff of conjuration (weapon)
 v - the staff "Ezybrud" {rElec Tmut Air}
   (You found it on level 3 of the Dungeon)

   [staff of air]

   Base accuracy: +5 Base damage: 5 Base attack delay: 1.2 This weapon's minimum
   attack delay (0.6) is reached at skill level 12.
   rElec:     It insulates you from electricity.
   Tmut:      It increases the power of your Transmutations spells.
   Air:       It increases the power of your Air spells.
   It falls into the 'Staves' category.
   It is a one-handed weapon.
Jewellery
 k - a +5 ring of evasion (left hand)
 m - a ring of fire
 r - an amulet of regeneration (around neck)
Talismans
 o - a serpent talisman
Scrolls
 d - 2 scrolls of teleportation
 i - a scroll of immolation
Potions
 b - 2 potions of magic
 e - 3 potions of resistance {unknown}
 g - 8 potions of enlightenment {unknown}
 l - 2 potions of heal wounds {unknown}
 n - 3 potions of curing {unknown}
 p - a potion of mutation {unknown}
 s - 2 potions of lignification {unknown}
 t - a potion of degeneration {unknown}


   Skills:
 * Level 1.3 Fighting
 * Level 1.1 Staves
 * Level 1.3 Armour
 * Level 2.3 Dodging
 * Level 2.5 Stealth
 * Level 0.6 Shields
 * Level 2.8 Spellcasting
 * Level 1.4 Conjurations
 * Level 1.7 Transmutations
 * Level 0.2 Air Magic
 * Level 3.9 Poison Magic
 * Level 1.2 Evocations


You had 4 spell levels left.
You knew the following spells:

 Your Spells              Type           Power      Damage    Failure   Level
a - Sting                 Tmut/Pois      48%        1d5       8%          1
b - Poisonous Vapours     Pois/Air       20%        N/A       16%         2
c - Mephitic Cloud        Conj/Pois/Air  14%        N/A       32%         3

Your spell library contained the following spells:

 Spells                   Type           Power      Damage    Failure   Level
 Olgreb's Toxic Radiance  Pois           16%        N/A       43%         4


Dungeon Overview and Level Annotations

Branches:
Dungeon (4/15)
 Temple: D:4-7

Altars:
Sif Muna


Innate Abilities, Weirdness & Mutations

You are partially covered in large bone plates. (SH +4)
A weak demonic guardian rushes to your aid.
You regenerate magic rapidly.


Message History

The sting hits the wight but does no damage.
The wight is severely damaged.
You barely miss the wight.
The wight is severely damaged.
The wight hits you with a +4 dagger.
You hit the wight but do no damage.
The wight is severely damaged.
The wight hits you with a +4 dagger!
You hit the wight.
The wight is severely damaged.
You block the wight's attack.
You closely miss the wight.
The wight is severely damaged.
The wight completely misses you.
You hit the wight but do no damage.
The wight is severely damaged.
The wight hits you with a +4 dagger!
You feel drained. The wight closely misses you.
You hit the wight but do no damage.
The wight is severely damaged.
The wight hits you with a +4 dagger.
You feel drained.
You closely miss the wight.
The wight is severely damaged.
The wight hits you with a +4 dagger.
You feel drained.
You hit the wight but do no damage.
The wight is severely damaged.
The wight hits you with a +4 dagger.
You feel drained.
You hit the wight but do no damage.
The wight is severely damaged.
The wight hits you with a +4 dagger.
You feel drained.
You hit the wight but do no damage.
The wight is severely damaged.
The wight hits you with a +4 dagger.
You feel drained.
* * * LOW HITPOINT WARNING * * *
You hit the wight.
The wight is almost destroyed.
The wight hits you with a +4 dagger!
* * * LOW HITPOINT WARNING * * *
A demonic guardian appears!
You feel drained.
You die...

#.# #.#.#.#.#.#.# #....########
#.# #.#.#.#.#.#.# #............
#.# #.#.###.#.#.# ###'#.#######
#.# #.#.###.#.#.# #.#.#...... #.#
#.#...#.#.#.# #.#.#.#####
##.###.###.#.#.#)# #.#........
.....#.# #.#...#5# #.#.#......
.#.#.#.# #<#####z# #.#########
.#.#.#.# #.#....@# #....z.....
.#.#.#.# #.#.###################.
.#.#.#.###.....................#.
...#.#.......#################.#.
##.#.#.......#.................#z
...#.#......##.#...#############.
.#.#.#......##(#.#.# #...
.#.#.#......##.#.#.# #...
.#.#.#......##.#.#.###########...


You could see a wight (ally target) and a friendly ufetubus (summoned).

Vanquished Creatures
  Pargi (D:3)
  An iguana (D:3)
  A gnoll (D:4)
  An adder (D:3)
  A worm (D:2)
  3 orcs
  9 endoplasms
  A giant cockroach (D:4)
  4 goblins
  9 hobgoblins
  4 jackals (D:4)
  2 quokkas
  4 ball pythons
  7 bats
  A frilled lizard (D:3)
  6 kobolds
  7 rats
62 creatures vanquished.

Vanquished Creatures (collateral kills)
  A wight (D:4)
  A sleepcap (D:3)
  An orc wizard (D:3)
  A worm (D:3)
  A dart slug (D:3)
  An orc (D:3)
6 creatures vanquished.

Grand Total: 68 creatures vanquished

Notes
Turn   | Place    | Note
-------+----------+-------------------------------------------
     0 | D:1      | gelatine the Demonspawn Venom Mage began the quest for the
                  | Orb.
     0 | D:1      | Reached XP level 1. HP: 13/13 MP: 3/3
   351 | D:1      | Gained mutation: You are partially covered in large bone
                  | plates. (SH +4) [demonic ancestry]
   351 | D:1      | Reached XP level 2. HP: 20/20 MP: 1/5
   449 | D:1      | Found a faded altar of an unknown god.
  1267 | D:2      | Reached XP level 3. HP: 25/25 MP: 1/6
  1443 | D:2      | Found a shimmering blue altar of Sif Muna.
  1587 | D:3      | Noticed Pargi
  1612 | D:3      | Killed Pargi
  1613 | D:3      | Reached skill level 1 in Fighting
  1613 | D:3      | Reached skill level 1 in Conjurations
  1613 | D:3      | Reached skill level 1 in Transmutations
  1613 | D:3      | Gained mutation: You regenerate magic rapidly. [demonic
                  | ancestry]
  1613 | D:3      | Reached XP level 4. HP: 32/32 MP: 0/7
  1716 | D:3      | Reached skill level 1 in Evocations
  1719 | D:3      | Learned a level 2 spell: Poisonous Vapours
  1723 | D:3      | Learned a level 3 spell: Mephitic Cloud
  1745 | D:3      | Reached skill level 1 in Armour
  1745 | D:3      | Gained mutation: A weak demonic guardian rushes to your
                  | aid. [demonic ancestry]
  1745 | D:3      | Reached XP level 5. HP: 21/37 MP: 8/8
  1858 | D:3      | Reached skill level 1 in Staves
  2320 | D:3      | Identified the staff "Ezybrud" {rElec Tmut Air}
  3519 | D:4      | Reached XP level 6. HP: 33/41 MP: 10/10
  3538 | D:4      | Slain by a wight

Illustrated notes

Levels and vault maps discovered:
D:1:      kennysheep_arrival_seaside, layout_basic,
          dreamdust_ecumenical_altar_angels_and_demons
D:2:      layout_basic, hangedman_decor_opposing, minmay_hexomino_r4
D:3:      layout_loops_cross, mrwooster_statue_mirror, uniq_pargi
D:4:      layout_basic, overflow_temple_1_default, sigmund_army

Skill      XL: |  1  2  3  4  5 |
---------------+----------------+-----
Dodging        | 2 |  2.3
Stealth        | 2 |  2.5
Fighting       | 1 |  1.3
Conjurations   | 1 |  1.4
Transmutations | 1 |  1.7
Evocations     | 1 |  1.2
Armour         | 1 |  1.3
Staves         | 1 |  1.1
Shields        | |  0.6
Spellcasting   | |  2.8
Air Magic      | |  0.2
Poison Magic   | |  3.9

Action                     |  1- 3 |  4- 6 || total
---------------------------+-------+-------++-------
  Melee: Staff             |    55 |    97 ||   152
         Punch             |     1 |       ||     1
   Cast: Sting             |    51 |    73 ||   124
         Poisonous Vapours |       |     8 ||     8
         Mephitic Cloud    |       |     2 ||     2
    Use: Scroll            |       |     7 ||     7
   Stab: Sleeping          |     1 |       ||     1
 Armour: Robe              |     7 |       ||     7
         Troll leather arm |    40 |    61 ||   101
  Dodge: Dodged            |    65 |    80 ||   145
  Block: Other             |    15 |    11 ||    26

Table legend: (Time is in decaauts)
 A = Elapsed time spent in this place.
 B = Non-inter-level travel time spent in this place.
 C = Inter-level travel time spent in this place.
 D = Time resting spent in this place.
 E = Time spent auto-exploring this place.
 F = Levels seen in this place.
 G = Mean time per level.
                   A        B        C        D        E       F      G
               +--------+--------+--------+--------+--------+-----+--------+
         Total |   3567 |   3474 |     93 |      0 |   2674 |   4 |  891.8 |
       Dungeon |   3567 |   3474 |     93 |      0 |   2674 |   4 |  891.8 |
               +--------+--------+--------+--------+--------+-----+--------+

Top non-repeatable levels by time:
     D:4: 989 daAuts
     D:3: 976 daAuts
     D:1: 831 daAuts
     D:2: 770 daAuts
